 Dungeon Crawl Stone Soup version 0.29-a0-821-g66395355a5 (console) character file.

Game seed: 2486571910964630712

38434 om the Executioner (level 13, -10/169 HPs)
             Began as a Minotaur Berserker on July 7, 2022.
             Was an Elder of Trog.
             Mangled by a troll simulacrum (14 damage)
             ... on level 2 of the Orcish Mines.
             The game lasted 00:42:48 (17996 turns).

om the Executioner (Minotaur Berserker)            Turns: 17996, Time: 00:42:49

Health: -10/169    AC: 26    Str: 32    XL:     13   Next: 63%
Magic:  12/12      EV: 11    Int:  4    God:    Trog [****..]
Gold:   1757       SH:  0    Dex:  9    Spells: 12/12 levels left

rFire   . . .      SeeInvis +   a - +3 battleaxe
rCold   . . .      Faith    .   (shield currently unavailable)
rNeg    . . .      Spirit   .   u - +4 chain mail {Will+}
rPois   +          Reflect  .   (helmet unavailable)
rElec   .          Harm     .   l - +1 cloak {rPois}
rCorr   .          Rampage  .   e - +2 pair of gloves
Will    +++..      Rage     9%  d - +2 pair of boots
Stlth   ..........              D - amulet of the acrobat
HPRegen 1.38/turn               A - +6 ring of strength
MPRegen 0.13/turn               y - ring of see invisible

@: berserking, strong-willed (expiring), regenerating (expiring), very quick
A: horns 3, retaliatory headbutt, iridescent scales 1, berserk 2, clumsy 1
a: Renounce Religion, Berserk, Trog's Hand, Brothers in Arms


You were on level 2 of the Orcish Mines.
You worshipped Trog.
Trog was greatly pleased with you.
You visited 2 branches of the dungeon, and saw 17 of its levels.
You also visited: Ossuary and Gauntlet.

You collected 1829 gold pieces.
You spent 72 gold pieces at shops.

Inventory:

Hand Weapons
 a - a +3 battleaxe (weapon)
 H - a +1 dire flail of draining
 N - a +1 great mace of protection
 R - the +5 mace of Doom {protect, Str+6 Stlth+}
   (You found it in a Gauntlet)

   It grants its wielder temporary protection when it strikes (+7 to AC).
   Str:       It affects your strength (+6).
   Stlth:     It makes you more stealthy.
 T - a +3 vampiric great sword
Missiles
 j - 3 throwing nets (quivered)
 Q - 7 silver javelins
Armour
 d - a +2 pair of boots (worn)
 e - a +2 pair of gloves (worn)
 l - a +1 cloak of poison resistance (worn)
 u - a +4 chain mail of willpower (worn)
 S - +0 acid dragon scales
Jewellery
 q - a ring of flight
 y - a ring of see invisible (right hand)
 A - a +6 ring of strength (left hand)
 D - an amulet of the acrobat (around neck)
 G - a ring of magical power
 I - a ring of protection from cold
 K - an amulet of regeneration
 O - the amulet "Tafies" {Spirit Rampage rPois Int-5 Dex-4}
   (You found it in a Gauntlet)

   [amulet of guardian spirit]

   It causes incoming damage to be divided between your reserves of health and
   magic.
   Int:       It affects your intelligence (-5).
   Dex:       It affects your dexterity (-4).
   rPois:     It protects you from poison.
   Rampage:   It bestows one free step when moving towards enemies.
 U - a +4 ring of protection
 V - a +6 ring of dexterity
Wands
 b - a wand of mindburst (17)
 r - a wand of roots (14)
 s - a wand of polymorph (22)
 x - a wand of paralysis (15)
 J - a wand of flame (40)
 L - a wand of acid (2)
Scrolls
 i - 8 scrolls of enchant weapon
 n - a scroll of teleportation
 v - 3 scrolls of noise
 z - a scroll of amnesia
 B - a scroll of summoning
 C - 2 scrolls of fog
 E - 2 scrolls of enchant armour
 F - 4 scrolls of identify
 M - 4 scrolls of fear
Potions
 c - 2 potions of berserk rage
 f - 3 potions of cancellation
 g - 4 potions of haste
 k - 4 potions of flight
 m - a potion of ambrosia
 o - 6 potions of lignification
 p - 5 potions of curing
 t - 2 potions of degeneration
 w - a potion of magic
 W - a potion of resistance


   Skills:
 - Level 10.0 Fighting
 * Level 22.0 Axes
 - Level 10.0 Armour
 - Level 7.5 Dodging
 - Level 6.0 Evocations


You had 12 spell levels left.
You didn't know any spells.
Your spell library was empty.

Dungeon Overview and Level Annotations

Branches:
Dungeon (15/15)            Temple (0/1) D:4            Lair (0/6) D:11
    Orc (2/2) D:12         Vaults (0/5) D:14        Ossuary (visited)
Gauntlet (visited)
    Elf: Orc:2       Depths: D:15

Altars:
Cheibriados
Dithmenos
Elyvilon
Gozag
Hepliaklqana
Ru
Trog
Zin
The Shining One

Shops:
D:2 (:(:[   D:3 *(   D:4 **   D:8 *   D:10 (:

Annotations:
D:14 3 runed translucent doors, Pesafeac's ghost, journeyman OpCj; zhov's ghost, journeyman DsHu


Innate Abilities, Weirdness & Mutations

You have a pair of large horns on your head.
You reflexively headbutt those who attack you in melee.
You are partially covered in iridescent scales. (AC +2)
You have an uncontrollable temper.
You are clumsy. (Dex -2)


Message History

An orc wizard comes into view. It is wielding a +0 dagger.
The orc barely misses you. You furiously retaliate!
You headbutt the orc!
You kill the orc!
Trog accepts your kill. The orc warrior misses you.
Things that are here:
a +0 hand axe; a +0 plate armour; an orc corpse The orc wizard shouts!
You slice the orc wizard!!
You kill the orc wizard!
Trog accepts your kill.
Trog appreciates your killing of a magic user.
You hit the orc warrior but do no damage.
You closely miss the orc warrior.
You hear a shout! x2
The orc warrior closely misses you.
The orc warrior hits you with a +0 trident.
* * * LOW HITPOINT WARNING * * *
You slash the orc warrior! Your headbutt misses the orc warrior.
The orc warrior is heavily wounded.
You hit the orc warrior. You closely miss the orc wizard.
You barely miss the troll simulacrum. You hit the orc. You hit the orc warrior.
You kill the orc warrior!
Trog accepts your kill.
You slice the orc warrior!!
You kill the orc warrior!
Trog accepts your kill.
You barely miss the orc wizard. You barely miss the troll simulacrum.
You slash the orc!
You kill the orc!
Trog accepts your kill.
You feel the effects of Trog's Hand fading.
You slash the orc wizard!
You feel the power of Trog in you as your rage grows.
You kill the orc wizard!
Trog accepts your kill.
Trog appreciates your killing of a magic user.
You barely miss the orc. x2; You slash the troll simulacrum!
The troll simulacrum bites you!
* * * LOW HITPOINT WARNING * * *
The troll simulacrum freezes you!
You die...

....##....###...###..)...o..$.
#..# ##....#...###)#.).§oo....
### ###.......#......oo.o...
##.#.........)))o)....
####.........)go))....
###.##......o...oo.)....
##................)......
#.......oZ...............
#....)#).........)$.....
####.)o)o#Z...#)))......
##.#@Z#..............
###))...............
##.#..............
####.............
#..............
##............. ##...........


You could see 2 orc wizards, a naga simulacrum, a troll simulacrum and 2 orcs.

Vanquished Creatures
  A minotaur (Gauntlet)
  3 boulder beetles
  2 hydras
  Erolcha (Orc:2)
  An ogre mage (D:8)
  3 centaur warriors
  9 two-headed ogres
  2 tengu warriors
  3 death yaks (D:11)
  A deep elf knight (D:14)
  A deep troll (D:14)
  A deep elf archer (D:14)
  6 deep elf zephyrmancers (D:14)
  5 deep elf pyromancers
  A manticore (D:13)
  An orc knight (Orc:1)
  An orc sorcerer (Orc:2)
  A moth of wrath (Gauntlet)
  A torpor snail (shapeshifter) (D:14)
  A komodo dragon (D:7)
  3 trolls
  2 tengu conjurers
  Prince Ribbit (D:6)
  11 slime creatures
  2 shadows
  A wyvern (D:9)
  Eustachio (D:6)
  Sigmund (D:4)
  2 wraiths
  9 yaks
  A large abomination (Gauntlet)
  3 wargs
  A steam dragon (D:9)
  2 redbacks (Gauntlet)
  Edmund (D:5)
  3 swamp worms (Gauntlet)
  2 water moccasins
  2 acid dragons
  Duvessa (D:4)
  4 small abominations (Gauntlet)
  12 orc warriors
  A sky beast (D:7)
  A black bear (D:7)
  An ogre (Orc:1)
  A phantom (D:5)
  9 centaurs
  2 kobold brigands
  An elf zombie (Ossuary)
  A gnoll sergeant (D:9)
  4 bullfrogs
  4 necrophages
  3 scorpions (D:6)
  A two-headed ogre simulacrum (Orc:2)
  5 wights
  Dowan (D:4)
  11 killer bees (D:10)
  7 howler monkeys
  An electric eel (D:10)
  3 jellies
  Crazy Yiuf (D:2)
  4 orc priests
  5 hounds
  2 gnoll boudas
  6 iguanas
  29 orc wizards
  Natasha (thrice) (D:3)
  2 hell rats (D:11)
  A spriggan simulacrum (Orc:2)
  A troll simulacrum (Orc:2)
  A wolf simulacrum (Orc:2)
  2 mummies (Ossuary)
  7 adders
  24 gnolls
  2 river rats (D:11)
  A naga simulacrum (Orc:2)
  4 white imps
  An ufetubus (D:6)
  4 dart slugs
  54 orcs
  7 ball pythons
  5 endoplasms
  3 giant cockroaches
  11 hobgoblins
  3 jackals (D:3)
  16 kobolds
  2 quokkas
  5 bats
  9 frilled lizards
  3 gnoll zombies (Ossuary)
  9 goblins
  3 goblin zombies (Ossuary)
  2 hobgoblin zombies (Ossuary)
  5 orc zombies (Ossuary)
  7 rats
411 creatures vanquished.

Vanquished Creatures (collateral kills)
  2 deep elf archers (D:14)
  A deep elf zephyrmancer (D:14)
  An orc warrior (Orc:2)
  A gnoll (Orc:2)
  4 orcs (Orc:2)
9 creatures vanquished.

Vanquished Creatures (others)
  A deep elf pyromancer (D:14)
  2 orcs (Orc:2)
  2 fungi (D:2)
  14 plants
  6 withered plants (D:14)
25 creatures vanquished.

Grand Total: 445 creatures vanquished

Notes
Turn   | Place    | Note
-------+----------+-------------------------------------------
     0 | D:1      | om the Minotaur Berserker began the quest for the Orb.
     0 | D:1      | Reached XP level 1. HP: 19/19 MP: 0/0
    76 | D:1      | Reached XP level 2. HP: 18/27 MP: 1/1
   257 | D:1      | You fall into a shaft and drop 1 floor!
   288 | D:2      | Reached skill level 4 in Axes
   288 | D:2      | Found Nakkaush's Weapon Emporium.
   342 | D:2      | Identified the +6 hand axe of Toumneikk {pain, rPois Str+5}
   371 | D:2      | Found a faded altar of an unknown god.
   405 | D:2      | Found Zion's Antique Armour Boutique.
   477 | D:2      | Reached XP level 3. HP: 26/33 MP: 2/2
   801 | D:2      | Found Avuur's Book Boutique.
   812 | D:2      | Reached skill level 5 in Axes
   823 | D:2      | Reached ** piety under Trog
   829 | D:2      | Found Esonnun's Weapon Shoppe.
  1027 | D:2      | Found Weneote's Book Shop.
  1170 | D:2      | Found a runed translucent door.
  1171 | D:2      | Noticed Crazy Yiuf
  1178 | D:2      | Killed Crazy Yiuf
  1179 | D:2      | Reached XP level 4. HP: 40/40 MP: 0/3
  1349 | D:3      | Noticed Natasha
  1362 | D:3      | Killed Natasha
  1363 | D:3      | Reached skill level 6 in Axes
  1539 | D:3      | Noticed Natasha
  1546 | D:3      | Killed Natasha
  1547 | D:3      | Reached XP level 5. HP: 46/46 MP: 4/4
  1610 | D:3      | Noticed Natasha
  1618 | D:3      | Killed Natasha
  1761 | D:3      | Found Onojovve's Weapon Shoppe.
  1776 | D:3      | Found Igasehyck's Assorted Antiques.
  1807 | D:3      | Bought a scroll labelled XOVYPO NANOTZA for 26 gold pieces
  1807 | D:3      | Bought an emerald potion for 23 gold pieces
  1807 | D:3      | Bought a grey potion for 23 gold pieces
  1841 | D:3      | Found a bloodstained altar of Trog.
  2004 | D:3      | Reached skill level 7 in Axes
  2469 | D:4      | Noticed Duvessa
  2469 | D:4      | Noticed Dowan
  2482 | D:4      | Killed Dowan
  2483 | D:4      | Reached XP level 6. HP: 53/53 MP: 5/5
  2499 | D:4      | Killed Duvessa
  2642 | D:4      | Found Tewydagh's Mayhem Merchandise.
  2671 | D:4      | Found a staircase to the Ecumenical Temple.
  2773 | D:4      | Reached skill level 5 in Fighting
  2773 | D:4      | Reached skill level 8 in Axes
  2886 | D:4      | Noticed Sigmund
  2892 | D:4      | Reached XP level 7. HP: 61/61 MP: 6/6
  2902 | D:4      | Killed Sigmund
  2993 | D:4      | Found Kyeck's Lightly-Used Armoury.
  3066 | D:4      | Reached skill level 9 in Axes
  3071 | D:4      | Noticed Robin
  3074 | D:4      | Noticed Robin
  3074 | D:4      | Robin changed into Robin the rat
  3078 | D:4      | Killed Robin the rat
  3099 | D:4      | Reached *** piety under Trog
  3446 | D:5      | Entered Level 5 of the Dungeon
  3619 | D:5      | Noticed Edmund
  3630 | D:5      | Killed Edmund
  3689 | D:5      | Found a sand-covered staircase.
  3694 | Ossuary  | Entered an ossuary
  3755 | Ossuary  | Reached skill level 10 in Axes
  3755 | Ossuary  | Reached XP level 8. HP: 52/70 MP: 7/7
  4176 | D:5      | Reached skill level 11 in Axes
  4600 | D:6      | Noticed Prince Ribbit
  4617 | D:6      | Killed Prince Ribbit
  4774 | D:6      | Found a sacrificial altar of Ru.
  5695 | D:6      | Reached skill level 12 in Axes
  5891 | D:6      | Reached XP level 9. HP: 69/75 MP: 8/8
  6313 | D:6      | Noticed Eustachio
  6326 | D:6      | Killed Eustachio
  6326 | D:6      | Reached **** piety under Trog
  6873 | D:7      | Found a glowing silver altar of Zin.
  6875 | D:7      | Found a hazy altar of Hepliaklqana.
  6879 | D:7      | Found an opulent altar of Gozag.
  6880 | D:7      | Found a snail-covered altar of Cheibriados.
  7001 | D:7      | Found a shadowy altar of Dithmenos.
  7152 | D:7      | Noticed a komodo dragon
  7161 | D:7      | Killed a komodo dragon
  7162 | D:7      | Reached skill level 13 in Axes
  7609 | D:8      | Noticed a two-headed ogre
  7650 | D:8      | Killed a two-headed ogre
  7651 | D:8      | Reached skill level 14 in Axes
  7824 | D:8      | Reached XP level 10. HP: 86/86 MP: 9/9
  7895 | D:8      | Reached skill level 15 in Axes
  8416 | D:8      | Found Otachaps's Serpentskin Sales.
  8444 | D:8      | Noticed a two-headed ogre
  8448 | D:8      | Noticed a centaur warrior
  8452 | D:8      | Killed a two-headed ogre
  8453 | D:8      | Reached skill level 5 in Armour
  8511 | D:8      | Killed a centaur warrior
  8711 | D:8      | Noticed a six-headed hydra
  8894 | D:8      | Killed a six-headed hydra
  8895 | D:8      | Reached skill level 5 in Dodging
  9045 | D:8      | Noticed an ogre mage
  9051 | D:8      | Paralysed by an ogre mage for 2 turns
  9075 | D:8      | Killed an ogre mage
  9533 | D:8      | Found a glowing golden altar of the Shining One.
  9679 | D:8      | Identified the +9 short sword "Pauhax" {elec, rElec Int+5
                  | Dex+4}
 10484 | D:9      | Reached XP level 11. HP: 72/94 MP: 10/10
 10815 | D:10     | Entered Level 10 of the Dungeon
 10815 | D:10     | Found Waiko's Antique Weapon Shoppe.
 11141 | D:10     | Noticed a two-headed ogre
 11147 | D:10     | Killed a two-headed ogre
 11270 | D:10     | Found Ejastucs's Book Shop.
 11351 | D:10     | Reached ***** piety under Trog
 11489 | D:10     | Reached skill level 5 in Evocations
 11517 | D:11     | Found a white marble altar of Elyvilon.
 11612 | D:11     | Noticed a death yak
 11631 | D:11     | Killed a death yak
 11648 | D:11     | Noticed a death yak
 11650 | D:11     | Noticed a death yak
 11872 | D:11     | Killed a death yak
 12040 | D:11     | Noticed a two-headed ogre
 12048 | D:11     | Killed a two-headed ogre
 12228 | D:11     | Found a staircase to the Lair.
 12283 | D:11     | Noticed a two-headed ogre
 12292 | D:11     | Killed a two-headed ogre
 12413 | D:11     | Killed a death yak
 12416 | D:11     | Reached skill level 10 in Armour
 12421 | D:11     | Reached skill level 16 in Axes
 12487 | D:11     | Gained mutation: You are frail. (-10% HP) [potion of
                  | mutation]
 12487 | D:11     | Gained mutation: You are clumsy. (Dex -2) [potion of
                  | mutation]
 12487 | D:11     | Gained mutation: Your mind is acute. (Int +4, Str/Dex -1)
                  | [potion of mutation]
 12487 | D:11     | Gained mutation: You have hidden genetic potential. [potion
                  | of mutation]
 12488 | D:11     | Lost mutation: You are frail. (-10% HP) [potion of
                  | mutation]
 12488 | D:11     | Lost mutation: Your mind is acute. (Int +4, Str/Dex -1)
                  | [potion of mutation]
 12488 | D:11     | Lost mutation: You have hidden genetic potential. [potion
                  | of mutation]
 12488 | D:11     | Gained mutation: You have sharp toenails. [potion of
                  | mutation]
 12488 | D:11     | Gained mutation: Your body sometimes deteriorates upon
                  | taking damage. [potion of mutation]
 12488 | D:11     | Gained mutation: You are robust. (+10% HP) [potion of
                  | mutation]
 12488 | D:11     | Gained mutation: You are partially covered in iridescent
                  | scales. (AC +2) [potion of mutation]
 12489 | D:11     | Lost mutation: You are robust. (+10% HP) [potion of
                  | mutation]
 12489 | D:11     | Lost mutation: You are partially covered in iridescent
                  | scales. (AC +2) [potion of mutation]
 12489 | D:11     | Gained mutation: You occasionally lose the ability to read
                  | scrolls when taking damage. [potion of mutation]
 12489 | D:11     | Gained mutation: You have a pair of large horns on your
                  | head. [potion of mutation]
 12542 | D:11     | Noticed a two-headed ogre
 12550 | D:11     | Killed a two-headed ogre
 12759 | D:12     | Found a staircase to the Orcish Mines.
 13135 | D:12     | Received a gift from Trog
 13141 | D:12     | Reached XP level 12. HP: 104/104 MP: 11/11
 13193 | D:12     | Lost mutation: You occasionally lose the ability to read
                  | scrolls when taking damage. [potion of mutation]
 13193 | D:12     | Lost mutation: You have sharp toenails. [potion of
                  | mutation]
 13193 | D:12     | Lost mutation: Your body sometimes deteriorates upon taking
                  | damage. [potion of mutation]
 13193 | D:12     | Gained mutation: You have hidden genetic defects. [potion
                  | of mutation]
 13193 | D:12     | Gained mutation: You are partially covered in iridescent
                  | scales. (AC +2) [potion of mutation]
 13237 | D:12     | Noticed a boulder beetle
 13248 | D:12     | Killed a boulder beetle
 13402 | D:12     | Noticed a two-headed ogre
 13407 | D:12     | Killed a two-headed ogre
 13408 | D:12     | Reached skill level 17 in Axes
 13878 | D:13     | Noticed a two-headed ogre
 13883 | D:13     | Killed a two-headed ogre
 13897 | D:13     | Gained mutation: You sometimes lose your temper in combat.
                  | [hidden defects]
 14255 | D:13     | Reached skill level 18 in Axes
 14336 | D:13     | Noticed a tengu warrior
 14348 | D:13     | Killed a tengu warrior
 14420 | D:13     | Noticed a seven-headed hydra
 14427 | D:13     | Killed a seven-headed hydra
 14431 | D:13     | Noticed a tengu warrior
 14436 | D:13     | Gained mutation: You have an uncontrollable temper. [hidden
                  | defects]
 14436 | D:13     | Lost mutation: You have hidden genetic defects. [hidden
                  | defects expressed]
 14839 | D:14     | Noticed a two-headed ogre
 14844 | D:14     | Killed a two-headed ogre
 14851 | D:14     | Noticed a satyr
 14851 | D:14     | a slime creature changed into a satyr
 14853 | D:14     | a satyr changed into a glowing shapeshifter
 14867 | D:14     | Found a gate to the Vaults.
 14901 | D:14     | Found a gate leading to a gauntlet.
 14907 | Gauntlet | Entered a Gauntlet
 14907 | Gauntlet | Found a transporter.
 14921 | Gauntlet | Found a transporter.
 14923 | Gauntlet | Found a transporter.
 14934 | Gauntlet | Found a transporter.
 14937 | Gauntlet | Found a transporter.
 14941 | Gauntlet | Found a runed translucent door.
 14942 | Gauntlet | Found a runed translucent door.
 14945 | Gauntlet | Found a transporter.
 14961 | Gauntlet | Found a transporter.
 14972 | Gauntlet | Found a transporter.
 14974 | Gauntlet | Noticed an entropy weaver
 14979 | Gauntlet | Found a transporter.
 14984 | Gauntlet | Noticed a death yak
 14988 | Gauntlet | Noticed a death yak
 14990 | Gauntlet | Noticed a death yak
 14990 | Gauntlet | Noticed a death yak
 14991 | Gauntlet | Noticed a death yak
 14992 | Gauntlet | Noticed a death yak
 14994 | Gauntlet | Found a transporter.
 14994 | Gauntlet | Found a transporter.
 15008 | Gauntlet | Found a transporter.
 15011 | Gauntlet | Found a runed translucent door.
 15022 | Gauntlet | Found a transporter.
 15089 | Gauntlet | Noticed a death scarab
 15093 | Gauntlet | Found the -2 hat of the Alchemist {rElec rPois rF+ rC+ rN+
                  | Will+ rMut rCorr}
 15096 | Gauntlet | Found a transporter.
 15220 | Gauntlet | Reached skill level 10 in Fighting
 15260 | Gauntlet | Reached skill level 19 in Axes
 15439 | Gauntlet | Identified the amulet "Tafies" {Spirit Rampage rPois Int-5
                  | Dex-4}
 15556 | Gauntlet | Noticed a minotaur
 15565 | Gauntlet | Killed a minotaur
 15583 | Gauntlet | Identified the +5 mace of Doom {protect, Str+6 Stlth+}
 15639 | D:14     | Noticed a boulder beetle
 15648 | D:14     | Killed a boulder beetle
 15942 | D:14     | Reached XP level 13. HP: 113/113 MP: 12/12
 16101 | D:14     | Found a runed translucent gate.
 16102 | D:14     | Found a runed translucent gate.
 16103 | D:14     | Found a runed translucent gate.
 16104 | D:14     | Noticed Pesafeac's ghost (journeyman OpCj)
 16105 | D:14     | Noticed zhov's ghost (journeyman DsHu)
 16259 | D:14     | Reached skill level 20 in Axes
 17018 | D:14     | Reached skill level 21 in Axes
 17585 | D:15     | Entered Level 15 of the Dungeon
 17661 | Orc:1    | Entered Level 1 of the Orcish Mines
 17861 | Orc:2    | Entered Level 2 of the Orcish Mines
 17944 | Orc:2    | Noticed Erolcha
 17955 | Orc:2    | Received a gift from Trog
 17987 | Orc:2    | Killed Erolcha
 17992 | Orc:2    | Reached skill level 22 in Axes
 17996 | Orc:2    | HP: 4/169 [troll simulacrum (10)]
 17996 | Orc:2    | Mangled by a troll simulacrum

Illustrated notes

Levels and vault maps discovered:
D:1:      ncdulo_watergridlock, layout_rooms
D:2:      wander_river, layout_rooms, shapermc_ecumenical_altar_venn,
          serial_shops, nicolae_diamond_shop, shop,
          nicolae_shop_temple_entry_statues_fountains,
          nicolae_shop_bloodbath_and_beyond, nicolae_shop_window_shopping,
          ebering_dispersal_statue_hall, minmay_hexomino_c4,
          uniq_crazy_yiuf_cottage
D:3:      layout_basic, trog_book, serial_shops,
          nicolae_shop_overgrown_old_shop, shop_coins, uniq_natasha
D:4:      layout_loops_ring, minmay_temple_entry_arrows, minmay_shop_damaged,
          minmay_shop_mayhem, sigmund_army, uniq_robin, uniq_duvessa
D:5:      layout_loops_ring, enter_ossuary_2, st_stairs_12, uniq_edmund
D:6:      nicolae_whirlpool, layout_loops_corners, nicolae_ru_awakened_eye,
          serial_rivers, chequers_serial_rivers_large_b,
          chequers_serial_rivers_small_b, chequers_serial_rivers_marsh,
          chequers_serial_rivers_micro_a, chequers_serial_rivers_large_a,
          uniq_eustachio, uniq_prince_ribbit1
D:7:      layout_layer_cave, grunt_temple_overflow_open, serial_glass,
          glass_columns_b, glass_columns_a, minivault_1, nrook_loot_triangle,
          minmay_lizard_king
D:8:      nzn_winding_woodlands_small [nzn_winding_woodlands_5x15_jagged,
          nzn_winding_woodlands_center_diamonds,
          nzn_winding_woodlands_5x15_twine], layout_layer_cave,
          nicolae_tso_swordbearing_angel, guppyfry_shop_venom
D:9:      layout_gridville
D:10:     layout_gridville, serial_shops, nicolae_shop_crystal, shop_coins,
          minivault_4
D:11:     layout_rooms, dpeg_lair_monsters, elyvilon_altar_1
D:12:     layout_roguey, david_orc_3
D:13:     layout_stronghold
D:14:     minmay_elf_outpost, layout_loops_ring, david_vaults_4,
          infiniplex_staircase_zigzag_1, gammafunk_ghost_cemetery,
          gauntlet_entry_generic
D:15:     gammafunk_depths_entry_grave, layout_loops_corners
Orc:1:    layout_diamond_mine, serial_shops, nicolae_shop_advertising_works
          [nicolae_subvault_shop_adworks]
Orc:2:    st_orc_congregation, layout_caves,
          portal_ice_cave_entry_ice_simulacra, mines2_david, uniq_erolcha

Skill      XL: |  1  2  3  4  5  6  7  8  9 10 11 12 13 |
---------------+----------------------------------------+-----
Fighting       | 4 5 6 7 8 9 10 | 10.0
Axes           | 4 5 6 7 8 10 12 14 15 16 19 22 | 22.0
Armour         | 3 4 8 10 | 10.0
Evocations     | 4 6 |  6.0
Dodging        | 5 7 |  7.5

Action                   |  1- 3 |  4- 6 |  7- 9 | 10-12 | 13-15 || total
-------------------------+-------+-------+-------+-------+-------++-------
Melee: Hand axe          |    74 |   118 |   332 |    28 |       ||   552
       Headbutt          |    10 |     8 |    64 |    89 |    31 ||   202
       Punch             |       |     1 |     3 |     6 |       ||    10
       War axe           |       |       |       |   253 |       ||   253
       Dire flail        |       |       |       |     7 |       ||     7
       Battleaxe         |       |       |       |   128 |   144 ||   272
Throw: Throwing net      |       |       |       |     1 |       ||     1
Invok: Berserk           |     1 |     5 |     5 |    25 |     4 ||    40
       Brothers in Arms  |       |       |       |     2 |     3 ||     5
       Trog's Hand       |       |       |       |       |     1 ||     1
Evoke: Wand              |       |       |     1 |     7 |       ||     8
  Use: Scroll            |       |     6 |    14 |     6 |     4 ||    30
       Potion            |       |     2 |     2 |     6 |     2 ||    12
 Stab: Held in net/web   |       |       |       |     1 |       ||     1
Armor: Animal skin       |    30 |     5 |       |       |       ||    35
       Scale mail        |       |    23 |       |       |       ||    23
       Skin              |       |    10 |       |       |       ||    10
       Chain mail        |       |     9 |   198 |   158 |    97 ||   462
Dodge: Dodged            |    49 |    67 |   140 |   228 |   164 ||   648

Table legend: (Time is in decaauts)
 A = Elapsed time spent in this place.
 B = Non-inter-level travel time spent in this place.
 C = Inter-level travel time spent in this place.
 D = Time resting spent in this place.
 E = Time spent auto-exploring this place.
 F = Levels seen in this place.
 G = Mean time per level.
                   A        B        C        D        E       F      G
               +--------+--------+--------+--------+--------+-----+--------+
         Total |  18282 |  17443 |    839 |   3167 |  11195 |  19 |  962.2 |
       Dungeon |  16997 |  16171 |    826 |   2951 |  10612 |  15 | 1133.1 |
  Orcish Mines |    321 |    309 |     12 |     43 |    131 |   2 |  160.5 |
       Ossuary |    214 |    214 |      0 |      0 |    149 |   1 |  214.0 |
      Gauntlet |    749 |    749 |      0 |    171 |    303 |   1 |  749.0 |
               +--------+--------+--------+--------+--------+-----+--------+

Top non-repeatable levels by time:
     D:6: 2461 daAuts
     D:8: 2202 daAuts
    D:14: 2129 daAuts
    D:13: 1186 daAuts
     D:3: 1172 daAuts
     D:2: 1079 daAuts
    D:11: 1056 daAuts
     D:4: 1029 daAuts
    D:12: 1018 daAuts
    D:10: 875 daAuts
     D:9: 866 daAuts
     D:5: 838 daAuts
     D:7: 819 daAuts
Gauntlet: 749 daAuts
     D:1: 259 daAuts
